 Dungeon Crawl Stone Soup version 0.26-a0-660-gc07710193c (webtiles) character file.

Game seed: 1996150889768341509

124 Borbozo the Chiller (level 5, -2/39 HPs)
             Began as a Human Wanderer on Oct 6, 2020.
             Slain by Natasha (4 damage)
             ... on level 3 of the Dungeon.
             The game lasted 00:17:40 (3812 turns).

Borbozo the Chiller (Human Wanderer)                Turns: 3812, Time: 00:17:44

Health: -2/39      AC:  5    Str: 14    XL:     5   Next: 30%
Magic:  8/9        EV: 10    Int: 12    God:
Gold:   120        SH:  0    Dex: 12    Spells: 8/9 levels left

rFire    . . .     SeeInvis .   a - +2 spear
rCold    . . .     Faith    .   (no shield)
rNeg     . . .     Spirit   .   b - +0 ring mail
rPois    .         Reflect  .   (no helmet)
rElec    .         Harm     .   (no cloak)
rCorr    .         Rampage  .   (no gloves)
MR       .....                  (no boots)
Stlth    ++........             (no amulet)
HPRegen  0.13/turn              o - ring of stealth
MPRegen  0.11/turn              (no ring)

@: no status effects
A: no striking features
a: no special abilities


You were on level 3 of the Dungeon.
You visited 1 branch of the dungeon, and saw 3 of its levels.

You collected 120 gold pieces.

Inventory:

Hand Weapons
 a - a +2 spear (weapon)
 i - a +0 hand axe
Missiles
 p - 22 sling bullets
 v - 6 javelins (quivered)
Armour
 b - a +0 ring mail (worn)
 d - a +0 ring mail
 g - a +0 ring mail
 j - a +0 cloak
 l - a +0 leather armour
 m - a +0 leather armour
 r - a +0 scale mail
 t - a +0 scale mail
Jewellery
 o - a ring of stealth (left hand)
Scrolls
 h - 2 scrolls of teleportation
 k - a scroll of remove curse {unknown}
 s - a scroll of identify
Potions
 c - a potion of stabbing {unknown}
 e - a potion of curing
 f - a potion of heal wounds
 n - 3 potions of brilliance {unknown}
 q - 2 potions of berserk rage {unknown}
 u - a potion of degeneration {unknown}


   Skills:
 + Level 2.6 Fighting
 + Level 1.8 Polearms
 + Level 1.0 Throwing
 + Level 2.0 Armour
 + Level 0.3 Dodging
 + Level 0.4 Stealth
   Level 1.0 Shields
 + Level 2.7 Spellcasting
   Level 1.0 Summonings
 + Level 2.8 Ice Magic


You had 8 spell levels left.
You knew the following spells:

 Your Spells              Type           Power        Failure   Level
a - Freeze                Ice            #...         16%         1

Your spell library contained the following spells:

 Spells                   Type           Power        Failure   Level
 Frozen Ramparts          Ice            #.....       43%         3


Dungeon Overview and Level Annotations

Branches:
Dungeon (3/15)

Altars:
Gozag

Annotations:
D:3 Natasha


Message History

Natasha casts a spell. x2
You hit Natasha.
Natasha is heavily wounded.
Natasha mumbles some strange words.
The crimson imp grinds its teeth.
You closely miss Natasha.
Natasha is heavily wounded.
Natasha claws you! The iron imp hits you! Natasha claws you.
You hit Natasha.
Natasha is almost dead.
Natasha growls.
Natasha claws you. The iron imp barely misses you.
You hit Natasha.
Natasha is almost dead.
Natasha claws you.
* * * LOW HITPOINT WARNING * * *
The iron imp hits you!
* * * LOW HITPOINT WARNING * * *
Natasha claws you.
You die...

## ##### .. <..# ##
#####.###########.#
..# ..
............5@h55.#
#.# ##
###.....#########.#
#.# ######.#.#.#
#.# ...........#
#.# ######.#.#.#
###.# #.....#
####...## ###.#.#
#........ #.#.# ###
#.##.#### ####
#.#.######.###
#.##.#


You could see an iron imp (summoned), Natasha (fast) and 2 crimson imps.

Vanquished Creatures
  Natasha (D:3)
  A worker ant (D:2)
  An adder (D:2)
  An ooze (D:1)
  2 dart slugs
  2 leopard geckos
  6 orcs (D:3)
  2 giant cockroaches (D:2)
  8 goblins
  5 hobgoblins
  3 jackals
  2 quokkas
  A ball python (D:3)
  A bat (D:3)
  6 frilled lizards
  4 kobolds
  6 rats
52 creatures vanquished.

Notes
Turn   | Place    | Note
-------+----------+-------------------------------------------
     0 | D:1      | Borbozo the Human Wanderer began the quest for the Orb.
     0 | D:1      | Borbozo set off with the following items: a +2 spear, a +0
                  | ring mail; and the following spell memorised: Freeze; and
                  | the following spells available to memorise: Frozen Ramparts
     0 | D:1      | Reached XP level 1. HP: 16/16 MP: 3/3
   176 | D:1      | Reached XP level 2. HP: 22/22 MP: 3/5
  1532 | D:2      | Reached XP level 3. HP: 27/27 MP: 6/6
  2466 | D:2      | Reached skill level 1 in Polearms
  2487 | D:2      | Reached XP level 4. HP: 13/34 MP: 4/7
  3263 | D:3      | Found an opulent altar of Gozag.
  3381 | D:3      | Noticed Natasha
  3430 | D:3      | Killed Natasha
  3430 | D:3      | Reached XP level 5. HP: 39/39 MP: 7/9
  3801 | D:3      | Noticed Natasha
  3812 | D:3      | Slain by Natasha

Illustrated notes

Levels and vault maps discovered:
D:1:      scummos_arrival_checkerplants, layout_basic
D:2:      layout_loops_cross, nrook_campfire
D:3:      layout_loops_ring, nicolae_overflow_crystal_walls, uniq_natasha

Skill      XL: |  1  2  3  4  5 |
---------------+----------------+-----
Polearms       | 1 |  1.8
Armour         | 2 |  2.0
Fighting       | |  2.6
Throwing       | |  1.0
Dodging        | |  0.3
Stealth        | |  0.4
Shields        | |  1.0
Spellcasting   | |  2.7
Summonings     | |  1.0
Ice Magic      | |  2.8

Action                   |  1- 3 |  4- 6 || total
-------------------------+-------+-------++-------
Melee: Spear             |    80 |    78 ||   158
 Cast: Freeze            |    14 |     9 ||    23
  Use: Scroll            |     6 |       ||     6
       Potion            |     3 |     2 ||     5
 Stab: Sleeping          |       |     3 ||     3
Armor: Ring mail         |    47 |    20 ||    67
Dodge: Dodged            |    51 |    43 ||    94

Table legend: (Time is in decaauts)
 A = Elapsed time spent in this place.
 B = Non-inter-level travel time spent in this place.
 C = Inter-level travel time spent in this place.
 D = Time resting spent in this place.
 E = Time spent auto-exploring this place.
 F = Levels seen in this place.
 G = Mean time per level.
                   A        B        C        D        E       F      G
               +--------+--------+--------+--------+--------+-----+--------+
         Total |   3820 |   3820 |      0 |   1227 |      0 |   3 | 1273.3 |
       Dungeon |   3820 |   3820 |      0 |   1227 |      0 |   3 | 1273.3 |
               +--------+--------+--------+--------+--------+-----+--------+

Top non-repeatable levels by time:
     D:1: 1466 daAuts
     D:3: 1197 daAuts
     D:2: 1156 daAuts
